 Dungeon Crawl Stone Soup version 0.32-a0-473-gd044c6f0f0 (webtiles) character file.

Game seed: 17361670357554673290

42 ezpacito the Trooper (level 3, 29/29 HPs)
             Began as a Demonspawn Chaos Knight on Feb 25, 2024.
             Was a Plaything of Xom.
             Quit the game on level 2 of the Dungeon.
             The game lasted 00:00:59 (738 turns).

ezpacito the Trooper (Demonspawn Chaos Knight)       Turns: 738, Time: 00:00:59

Health: 29/29      AC:  9    Str: 14    XL:     3   Next: 33%
Magic:  3/3        EV:  7    Int: 12    God:    Xom [....*.]
Gold:   39         SH:  0    Dex: 12    Spells: 3/3 levels left

rFire   . . .        a - +0 hand axe (chaos)
rCold   . . .        (no shield)
rNeg    . . .        e - +0 chain mail
rPois   .            (helmet restricted)
rElec   .            (no cloak)
rCorr   .            f - +0 pair of gloves
SInv    .            (no boots)
Will    .....        (no amulet) Stlth
                     (no ring)
HPRegen 0.24/turn    (no ring)
MPRegen 0.08/turn

%: no passive effects
@: no status effects
A: antennae 1, foul stench 1
a: Renounce Religion


You were on level 2 of the Dungeon.
You worshipped Xom.
You were a beloved toy of Xom.
You visited 1 branch of the dungeon, and saw 2 of its levels.

You collected 39 gold pieces.

Inventory:

Hand Weapons
 a - a +0 hand axe of chaos (weapon)
Armour
 b - a +2 leather armour
 e - a +0 chain mail (worn)
 f - a +0 pair of gloves (worn)
Scrolls
 c - a scroll of teleportation {unknown}
 d - a scroll of identify
 g - a scroll of silence {unknown}


   Skills:
 * Level 3.2 Fighting
 * Level 2.9 Axes
 + Level 0.2(1.7) Polearms
 * Level 2.1 Armour
 * Level 1.3 Dodging
 + Level 0.4 Stealth
 * Level 1.0 Unarmed Combat
 + Level 0.5 Spellcasting


You had 3 spell levels left.
You didn't know any spells.
Your spell library contained the following spells:

 Spells                   Type           Power      Damage    Failure   Level
 Apportation              Tloc           0%         N/A       99%         1
 Necrotise                Necr           0%         1d4       99%         1
 Sting                    Conj/Alch      0%         1d3       99%         1
 Summon Small Mammal      Summ           0%         N/A       99%         1
 Ensorcelled Hibernation  Hex/Ice        0%         N/A       100%        2
 Fugue of the Fallen      Necr           0%         N/A       100%        3
 Ozocubu's Armour         Ice            0%         N/A       100%        3
 Anguish                  Hex/Necr       0%         N/A       100%        4
 Manifold Assault         Tloc           0%         N/A       100%        4


Dungeon Overview and Level Annotations

Branches:
Dungeon (2/15)

Altars:


Innate Abilities, Weirdness & Mutations

You have a pair of small antennae on your head.
You may rarely emit foul miasma when damaged in melee.


Message History

You hit the rat. You freeze the rat.
You kill the rat!
You hit the endoplasm.
You kill the endoplasm!
You hit the goblin. You burn the goblin.
You kill the goblin!
No target in view!
No target in view!
No target in view!
No target in view!
No target in view!
No target in view!
No target in view!
No target in view!
No target in view!
An adder comes into view.
The adder hisses angrily.
An adder is nearby!
You hit the adder.
The adder seems to speed up.
The adder is heavily wounded.
The adder bites you but does no damage. The adder barely misses you.
You barely miss the adder.
The adder is heavily wounded.
The adder closely misses you. The adder barely misses you.
The adder closely misses you.
You miss the adder.
The adder is heavily wounded.
The adder bites you but does no damage. The adder barely misses you.
You hit the adder. You burn the adder.
You kill the adder!
Your Unarmed Combat skill increases to level 1!
No target in view!
No target in view!
No target in view!
No target in view!
No target in view!
There is an escape hatch in the floor here.
g - a scroll labelled POMYJEITUSCH No target in view!
Are you sure you want to abandon this character and quit the game? (Confirm with "yes".)

.#.#... .. ...... ..
#..#.#..##.### ..
#.#..# ..... ..#
...#.#..# ... ...
#...#.#..# #.##.###
#........####......#..
#........##.☼§@.......
#........##°####.#.#..
#.......>.....# #
#........##...#
###........##...##
#.....†...........
.###.#.#.###...##..
#.###.#...###.### ..
.......<....<.... .


There were no monsters in sight!

Vanquished Creatures
  An adder (D:2)
  A gnoll (D:1)
  A dart slug (D:1)
  3 ball pythons (D:1)
  2 bats
  4 endoplasms
  A kobold (D:1)
  A frilled lizard (D:1)
  4 goblins
  2 rats
20 creatures vanquished.

Notes
Turn   | Place    | Note
-------+----------+-------------------------------------------
     0 | D:1      | ezpacito the Demonspawn Chaos Knight began the quest for
                  | the Orb.
     0 | D:1      | Reached XP level 1. HP: 18/18 MP: 1/1
   142 | D:1      | Reached skill level 1 in Dodging
   192 | D:1      | Gained mutation: You may rarely emit foul miasma when
                  | damaged in melee. [demonic ancestry]
   192 | D:1      | Reached XP level 2. HP: 21/24 MP: 2/2
   683 | D:1      | XOM: cloud trail
   710 | D:2      | Gained mutation: You have a pair of small antennae on your
                  | head. [demonic ancestry]
   710 | D:2      | Reached XP level 3. HP: 28/29 MP: 3/3
   724 | D:2      | Reached skill level 1 in Unarmed Combat
   738 | D:2      | Quit the game

Illustrated notes

Levels and vault maps discovered:
D:1:      dpeg_arrival_tiny_k, layout_loops_ring
D:2:      layout_basic, uniq_jessica

Skill      XL: |  1  2  3 |
---------------+----------+-----
Dodging        | 1 |  1.3
Armour         | 2 |  2.1
Unarmed Combat | 1 |  1.0
Fighting       | |  3.2
Axes           | |  2.9
Polearms       | |  0.2
Stealth        | |  0.4
Spellcasting   | |  0.5

Action                     || total
---------------------------++-------
  Melee: Hand axe          ||    51
    Use: Scroll            ||     2
   Stab: Sleeping          ||     1
 Armour: Leather armour    ||    26
         Chain mail        ||     7
  Dodge: Dodged            ||    27

Table legend: (Time is in decaauts)
 A = Elapsed time spent in this place.
 B = Non-inter-level travel time spent in this place.
 C = Inter-level travel time spent in this place.
 D = Time resting spent in this place.
 E = Time spent auto-exploring this place.
 F = Levels seen in this place.
 G = Mean time per level.
                   A        B        C        D        E       F      G
               +--------+--------+--------+--------+--------+-----+--------+
         Total |    746 |    726 |     20 |      0 |    548 |   2 |  373.0 |
       Dungeon |    746 |    726 |     20 |      0 |    548 |   2 |  373.0 |
               +--------+--------+--------+--------+--------+-----+--------+

Top non-repeatable levels by time:
     D:1: 712 daAuts
     D:2: 34 daAuts
